 Dungeon Crawl Stone Soup version 0.29.1-4-g47bece8355 (webtiles) character file.

Game seed: 704107412993279360

32 KittyFluff the Trooper (level 3, -4/24 HPs)
             Began as a Gargoyle Fighter on Dec 8, 2022.
             Slain by Terence
             ... wielding a +0 flail
              (6 damage)
             ... on level 2 of the Dungeon.
             The game lasted 00:04:34 (983 turns).

KittyFluff the Trooper (Gargoyle Fighter)            Turns: 983, Time: 00:04:35

Health: -4/24      AC:  6    Str: 19    XL:     3   Next: 25%
Magic:  3/3        EV: 10    Int:  8    God:
Gold:   69         SH:  4    Dex: 11    Spells: 2/2 levels left

rFire   . . .      SeeInvis .   a - +0 flail
rCold   . . .      Faith    .   c - +0 buckler
rNeg    + . .      Spirit   .   i - +0 leather armour
rPois   ∞          Reflect  .   (no helmet)
rElec   +          Harm     .   (no cloak)
rCorr   .          Rampage  .   (no gloves)
Will    .....                   (no boots)
Stlth   +.........              (no amulet)
HPRegen 0.08/turn               (no ring)
MPRegen 0.08/turn               (no ring)

@: no status effects
A: sickness immunity, AC +3, negative energy resistance 1, electricity
resistance, torment resistance 1, petrification resistance
a: no special abilities


You were on level 2 of the Dungeon.
You visited 1 branch of the dungeon, and saw 2 of its levels.

You collected 69 gold pieces.

Inventory:

Hand Weapons
 a - a +0 flail (weapon)
 n - a +2 war axe of flaming
Missiles
 m - 16 stones (quivered)
Armour
 b - a +0 scale mail
 c - a +0 buckler (worn)
 i - a +0 leather armour (worn)
Scrolls
 f - 2 scrolls of identify {unknown}
 g - 2 scrolls of magic mapping {unknown}
 j - a scroll of silence {unknown}
Potions
 d - 2 potions of might
 e - a potion of invisibility {unknown}
 h - 2 potions of curing {unknown}
 k - a potion of attraction {unknown}
 l - a potion of degeneration {unknown}


   Skills:
 + Level 3.8 Fighting
 + Level 2.5 Maces & Flails
 + Level 3.5 Armour
 + Level 3.6 Shields


You had 2 spell levels left.
You didn't know any spells.
Your spell library was empty.

Dungeon Overview and Level Annotations

Branches:
Dungeon (2/15)

Altars:

Annotations:
D:2 Terence


Innate Abilities, Weirdness & Mutations

You are immune to sickness and miasma.
Your stone body is resilient. (AC +3)
You are immune to poison.
You resist negative energy. (rN+)
You are resistant to electric shocks. (rElec)
You are resistant to unholy torment.
You are immune to petrification.


Message History

Moving in this stuff is going to be slow.
You enter the shallow water.
Moving in this stuff is going to be slow.
You enter the shallow water.
Moving in this stuff is going to be slow.
You enter the shallow water.
Moving in this stuff is going to be slow.
h - 2 cyan potions (gained 1)
There is a stone staircase leading down here.
You climb downwards.
Found a scroll labelled PYCZAI WIOGOO.
There is a stone staircase leading up here.
Terence shouts!
You hit Terence.
Terence is moderately wounded.
You block Terence's attack.
You closely miss Terence.
Terence is moderately wounded.
Terence closely misses you.
You closely miss Terence.
Terence is moderately wounded.
Terence hits you with a +0 flail. x2
You sock Terence!
Terence is severely wounded.
Terence barely misses you.
You barely miss Terence.
Terence is severely wounded.
Terence looks scornfully at you. Terence hits you with a +0 flail!
* * * LOW HITPOINT WARNING * * *
You barely miss Terence.
Terence is severely wounded.
A jackal comes into view.
Terence hits you with a +0 flail.
* * * LOW HITPOINT WARNING * * *
The jackal moves out of view.
You barely miss Terence.
Terence is severely wounded.
Terence barely misses you. Terence hits you with a +0 flail.
You die...

...... .#.#
...... ...+
#....####.#.#.
#.............
+...........
.#.........#
......?....#
.......<..##.#
#.....#.@....#
#.... #.@....#
.... +......+
... #......#
.. #.......# .
#.......#
#.........
#...#.....


You could see Terence.

Vanquished Creatures
  A gnoll (D:1)
  2 dart slugs (D:1)
  4 endoplasms (D:1)
  2 giant cockroaches (D:1)
  2 ball pythons (D:1)
  A bat (D:1)
  A frilled lizard (D:1)
  5 kobolds (D:1)
  A rat (D:1)
19 creatures vanquished.

Notes
Turn   | Place    | Note
-------+----------+-------------------------------------------
     0 | D:1      | KittyFluff the Gargoyle Fighter began the quest for the
                  | Orb.
     0 | D:1      | Reached XP level 1. HP: 14/14 MP: 1/1
   104 | D:1      | Reached XP level 2. HP: 14/19 MP: 2/2
   522 | D:1      | Found a faded altar of an unknown god.
   650 | D:1      | Reached XP level 3. HP: 20/24 MP: 3/3
   975 | D:2      | Noticed Terence
   983 | D:2      | Slain by Terence

Illustrated notes

Levels and vault maps discovered:
D:1:      zaba_arrival_water, layout_loops_ring,
          shapermc_ecumenical_altar_mp_urbaneastern, serial_bayou,
          serial_bayou_pond_e, serial_bayou_pond_e, serial_bayou_crossing,
          serial_bayou_pond_a, minmay_ruptured
D:2:      layout_basic, basic_altar, uniq_terence

Action                   || total
-------------------------++-------
Melee: Flail             ||    69
Armor: Scale mail        ||    29
       Leather armour    ||     8
Dodge: Dodged            ||    24
Block: Buckler           ||     8
